 Dungeon Crawl Stone Soup version 0.24-a0-274-gb3763e6d51 (webtiles) character file.

Game seed: 10594046668567305084

58 Redear the Ducker (level 3, -1/19 HPs)
             Began as a Spriggan Fighter on Apr 26, 2019.
             Killed from afar by an orc wizard (9 damage)
             ... with a magic dart
             ... on level 3 of the Dungeon.
             The game lasted 00:02:14 (1527 turns).

Redear the Ducker (Spriggan Fighter)                Turns: 1527, Time: 00:02:15

Health: -1/19      AC:  2    Str: 13    XL:     3   Next: 75%
Magic:  4/4        EV: 19    Int:  9    God:
Gold:   70         SH:  6    Dex: 15    Spells: 2/2 levels left

rFire    . . .     SeeInvis +   a - +0 rapier
rCold    . . .     Gourm    .   c - +0 buckler
rNeg     . . .     Faith    +   b - +0 robe
rPois    .         Spirit   .   (helmet restricted)
rElec    .         Reflect  .   (no cloak)
rCorr    .         Harm     .   (gloves unavailable)
MR       .....                  (boots unavailable)
Stlth    ++........             j - amulet of faith {Faith}
HPRegen  0.06/turn              (no ring)
MPRegen  0.09/turn              (no ring)

@: very quick
A: very small, unfitting armour, see invisible, herbivore, speed 3, slow
metabolism 2
a: no special abilities


You were on level 3 of the Dungeon.
You were not hungry.

You visited 1 branch of the dungeon, and saw 3 of its levels.

You collected 70 gold pieces.

Inventory:

Hand Weapons
 a - a +0 rapier (weapon)
Armour
 b - a +0 robe (worn)
 c - a +0 buckler (worn)
Jewellery
 j - an amulet of faith (around neck) {Faith}
Wands
 d - a wand of polymorph (6)
Scrolls
 e - 4 scrolls of identify {unknown}
 f - 2 scrolls of enchant weapon {unknown}
 g - a scroll of enchant armour {unknown}
 i - a scroll of magic mapping {unknown}
 k - a scroll of fog {unknown}
 l - a scroll of teleportation {unknown}
 m - a scroll of immolation {unknown}
Potions
 Q - a potion of curing {@q2}
Comestibles
 z - 2 rations


   Skills:
 + Level 2.7 Fighting
 + Level 2.8 Short Blades
 + Level 5.0 Dodging
 + Level 2.3 Stealth
 + Level 2.4 Shields


You had 2 spell levels left.
You didn't know any spells.
Your spell library was empty.

Dungeon Overview and Level Annotations

Branches:
Dungeon (3/15)

Altars:
Ashenzari
Yredelemnul

Annotations:
D:2 Natasha


Innate Abilities, Weirdness & Mutations

You are very small and have problems with some larger weapons.
You are too small for most types of armour.
You have supernaturally acute eyesight. (SInv)
You are a herbivore.
You cover ground extremely quickly.
You need to consume almost no food.


Message History

You hit the orc wizard.
The orc wizard is moderately wounded.
The orc wizard hits you but does no damage.
You barely miss the orc wizard.
The orc wizard is moderately wounded.
The orc wizard mumbles some strange words.
The orc wizard flickers and vanishes for a moment.
The orc wizard looks encouraged for a moment.
You barely miss the orc wizard.
The orc wizard is moderately wounded.
The orc wizard mumbles some strange words.
The orc wizard seems to speed up.
You closely miss the orc wizard.
The orc wizard is moderately wounded.
You block the orc wizard's attack.
The orc wizard hits you but does no damage.
Unknown command.
The orc wizard gestures at you while chanting.
The magic dart hits you!
You die...

. #.... ......)##.[# ##
.###.#.### ##.....# .#
.....#...#####...o..## .#
##........##...####..#######.###
........#.#).# ##...........#
.............# #..o........#
...).........#### ##..........#
......#..##.....### #..o[g.....#
......#..##..##.@.#######.######
......#..###..###..og####.##
......#^..##...#####..oo...#####
###.###...####รท###
####o.#.....## #.# ##..#
#...######..##.##..# #.# #..#
##.........###.###.# #..#
#......##<##...##.. #..
#...#...#####.....##.
#..###....###.......#.


You could see 2 orc wizards, 2 orcs and a goblin.

Vanquished Creatures
  Natasha (D:2)
  A dart slug (D:1)
  A leopard gecko (D:2)
  3 orcs (D:3)
  4 bats (D:1)
  A giant cockroach (D:2)
  4 goblins
  A hobgoblin (D:1)
  A quokka (D:2)
  2 ball pythons
  3 frilled lizards (D:1)
  A kobold (D:3)
  5 rats (D:1)
28 creatures vanquished.

Notes
Turn   | Place    | Note
-------+----------+-------------------------------------------
     0 | D:1      | Redear the Spriggan Fighter began the quest for the Orb.
     0 | D:1      | Reached XP level 1. HP: 11/11 MP: 2/2
   218 | D:1      | Reached skill level 1 in Stealth
   225 | D:1      | Reached XP level 2. HP: 15/16 MP: 3/3
   978 | D:2      | Noticed Natasha
   995 | D:2      | Noticed a crimson imp
  1001 | D:2      | Killed Natasha
  1001 | D:2      | Reached skill level 2 in Stealth
  1001 | D:2      | Reached XP level 3. HP: 8/19 MP: 4/4
  1088 | D:2      | Found a shattered altar of Ashenzari.
  1134 | D:2      | Noticed Natasha
  1433 | D:3      | Found a basalt altar of Yredelemnul.
  1500 | D:3      | Reached skill level 5 in Dodging
  1527 | D:3      | Killed from afar by an orc wizard

Levels and vault maps discovered:
D:1:      shiori_arrival_elements, layout_basic, chequers_serial_rivers_small_b,
          kennysheep_crisscross
D:2:      layout_loops_cross, nicolae_ashenzari_panopticon,
          lemuel_coloured_pillars_altar, grunt_temple_overflow_open,
          serial_forest, infiniplex_forest_clump_double,
          infiniplex_forest_lined_2, infiniplex_forest_corner_1,
          infiniplex_forest_zigzag_1, makhleb_altar_promises_db, uniq_jessica,
          uniq_robin, uniq_natasha
D:3:      layout_rooms, lemuel_round_altar, grunt_gozag_statues, uniq_ijyb

Skill      XL: |  1  2  3 |
---------------+----------+-----
Stealth        | 1 2 |  2.3
Dodging        | 5 |  5.0
Fighting       | |  2.7
Short Blades   | |  2.8
Shields        | |  2.4

Action                   || total
-------------------------++-------
Melee: Rapier            ||    98
  Use: Potion            ||     3
 Stab: Sleeping          ||     7
Armor: Robe              ||     3
Dodge: Dodged            ||    72
Block: Buckler           ||    23

Table legend:
 A = Non-vault XP
 B = Vault XP
 C = Vault XP percentage of total XP
 D = Non-vault monster count
 E = Vault monster count
 F = Vault count percentage of total count
                 A         B        C        D         E       F
            +---------+---------+-------+---------+---------+-------
      Total |      47 |      36 |  43.4 |      27 |       1 |   3.6
            +---------+---------+-------+---------+---------+-------
        D:1 |      24 |       0 |   0.0 |      17 |       0 |   0.0
        D:2 |      11 |      36 |  76.6 |       5 |       1 |  16.7
        D:3 |      12 |       0 |   0.0 |       5 |       0 |   0.0
            +---------+---------+-------+---------+---------+-------
